 Dungeon Sprint DCSS version 0.31-a0-986-g5e6e4ef867 (webtiles) character file.

Game seed: 2390145271046250600

2578 sircluck the Grappler (level 9, -1/105 HPs)
             Began as a Troll Berserker on Nov 20, 2023.
             Was an Elder of Trog.
             Slain by a ghost moth (8 damage)
             ... called by a spriggan druid
             ... in the Dungeon (Sprint IV: "Fedhas' Mad Dash").
             The game lasted 00:05:19 (732 turns).

sircluck the Grappler (Troll Berserker)              Turns: 732, Time: 00:05:20

Health: -1/105     AC:  4    Str: 31      XL:     9   Next: 32%
Magic:  0/8        EV: 12    Int:  9      God:    Trog [****..]
Gold:   140        SH:  0    Dex:  8 (9)  Spells: 8/8 levels left

rFire   . .          .
                       - Unarmed
rCold   . . .        (no shield)
rNeg    . . .        a - +0 animal skin
rPois   .            (helmet restricted)
rElec   .            (no cloak)
rCorr   .            (gloves unavailable)
SInv    .            (boots unavailable)
Will    .....        j - amulet of invisibility {+Inv}
Stlth   +            i - +6 ring of intelligence
HPRegen 1.17/turn    (no ring)
MPRegen 0.11/turn

%: no teleportation
@: no status effects
A: large, unfitting armour, claws 3, regeneration 1, shaggy fur 1, tough skin 1
a: Renounce Religion, Evoke Invisibility, Berserk, Trog's Hand, Brothers in Arms


You were in the Dungeon.
You worshipped Trog.
Trog was greatly pleased with you.
You visited 1 branch You collected 140 gold pieces.

Inventory:

Missiles
 h - 5 stones
Armour
 a - a +0 animal skin (worn)
Jewellery
 i - a +6 ring of intelligence (left claw)
 j - the amulet of invisibility (around neck) {+Inv}
   (You found it in the Dungeon)

   [amulet of nothing]

   +Inv:      It lets you turn invisible.
 m - an amulet of faith
Scrolls
 g - a scroll of blinking
 l - a scroll of identify {unknown}
Potions
 b - 2 potions of curing
 c - a potion of heal wounds
 d - a potion of haste
 e - 2 potions of magic
 f - a potion of berserk rage
 k - a potion of degeneration {unknown}
Miscellaneous
 n - a phial of floods
 o - a condenser vane


   Skills:
 + Level 11.0 Fighting
 + Level 10.8 Dodging
 + Level 12.8 Unarmed Combat


You had 8 spell levels left.
You didn't know any spells.
Your spell library was empty.

Dungeon Overview and Level Annotations

Branches:
Dungeon (1/1)

Altars:
Cheibriados
Dithmenos
Elyvilon
Gozag
Hepliaklqana
Kikubaaqudgha
Makhleb
Nemelex Xobeh
Okawaru
Qazlal
Ru
Sif Muna
Trog
Uskayaw
Vehumet
Wu Jian
Xom
Yredelemnul
Zin
The Shining One
Jiyva
Lugonu

Shops:
D ?=(!


Innate Abilities, Weirdness & Mutations

You are too large for most types of armour.
You have claws for hands.
Your natural rate of healing is unusually fast.
You are covered in fur. (AC +1)
You have tough skin. (AC +1)


Message History

Unknown command.
Your ogre goes berserk!
The spriggan druid calls out to the beasts of the wild!
Something closely misses your ogre. Something hits your ogre!
Something hits you!
Deactivating autopickup; reactivate with Ctrl-A.
Something hits you!
You feel clumsy. Something completely misses you.
Unknown command.
Unknown command.
A +2 spectral quarterstaff comes into view.
Your ogre hits the +2 spectral quarterstaff with a +0 giant club!!
The +2 spectral quarterstaff disappears.
Something hits your ogre!
The +2 spectral quarterstaff hits your ogre!
You feel you are being watched by something.
You feel your power leaking away. Something hits you!! Something hits you!
Something stings you!
A +2 spectral quarterstaff comes into view.
Unknown command.
Unknown command.
Your ogre goes berserk!
Trog will no longer gift you weapons.
Your ogre hits the +2 spectral quarterstaff with a +0 giant club!!
The +2 spectral quarterstaff disappears.
You feel you are being watched by something.
Something hits you. Something hits you! Something stings you.
* * * LOW HITPOINT WARNING * * *
The spriggan druid hits your ogre with a +2 spectral quarterstaff!!
Your ogre dies!
Your ogre's corpse disappears in a puff of smoke!
Unknown command.
Unknown command.
Unknown command.
Unknown command.
You mangle something!! Something hits you!!
* * * LOW HITPOINT WARNING * * *
Something hits you!
You die...

#################################
.....#.....#.⌠._._._._.⌠.#..)...#
.†...'.#...'.._._._†_._..'.)#...#
.....#.#..†#..._._._._...#..###'#
#########'##.._._._._._..#..##∩∩.
.......'...#._._._._._.⌠.########
.♣.....#...###############
♣.)♣..######♣♣♣♣♣.i♣
#'######..'.....@♣..♣
..'.......#♣..♣♣♣{♣..#
###.......#.♣♣T)♣.O$♣+ #
###################


You could see a spriggan druid and a friendly ogre (summoned, berserk).

Vanquished Creatures
  An oklob plant (D)
  2 burning bushes (D)
  A queen bee (D)
  3 wandering mushrooms (D)
  3 scorpions (D)
  4 killer bees (D)
  4 oklob saplings (D)
  2 spriggans (D)
  A river rat (D)
  A rat (D)
22 creatures vanquished.

Vanquished Creatures (collateral kills)
  An oklob plant (D)
  A burning bush (D)
  An oklob sapling (D)
  2 spectral weapons (D)
5 creatures vanquished.

Grand Total: 27 creatures vanquished

Notes
Turn   | Place    | Note
-------+----------+-------------------------------------------
     0 | D        | sircluck the Troll Berserker began the quest for the Orb.
     0 | D        | Reached XP level 1. HP: 22/22 MP: 0/0
     8 | D        | Reached XP level 2. HP: 31/31 MP: 1/1
    14 | D        | Noticed an oklob sapling
    17 | D        | Killed an oklob sapling
    17 | D        | Reached ** piety under Trog
    18 | D        | Reached skill level 4 in Unarmed Combat
    18 | D        | Reached XP level 3. HP: 39/39 MP: 2/2
    19 | D        | Noticed a scorpion
    19 | D        | Found the amulet of invisibility {+Inv}
    24 | D        | Killed a scorpion
    25 | D        | Reached skill level 5 in Unarmed Combat
    25 | D        | Reached XP level 4. HP: 38/49 MP: 3/3
    70 | D        | Reached skill level 5 in Fighting
    70 | D        | Reached skill level 5 in Dodging
    70 | D        | Reached skill level 6 in Unarmed Combat
    82 | D        | Found an opulent altar of Gozag.
    82 | D        | Found a hazy altar of Hepliaklqana.
    82 | D        | Found a burning altar of Makhleb.
    82 | D        | Found a sparkling altar of Nemelex Xobeh.
    82 | D        | Found a snail-covered altar of Cheibriados.
    82 | D        | Found a sacrificial altar of Ru.
    82 | D        | Found a shimmering blue altar of Sif Muna.
    82 | D        | Found a shimmering altar of Xom.
    82 | D        | Found a basalt altar of Yredelemnul.
    83 | D        | Found a viscous altar of Jiyva.
    83 | D        | Found a bloodstained altar of Trog.
    83 | D        | Found an ornate altar of the Wu Jian Council.
    84 | D        | Found an iron altar of Okawaru.
    84 | D        | Found a glowing silver altar of Zin.
    84 | D        | Found a shadowy altar of Dithmenos.
    85 | D        | Found an ancient bone altar of Kikubaaqudgha.
    85 | D        | Found a hide-covered altar of Uskayaw.
    86 | D        | Found a stormy altar of Qazlal.
    86 | D        | Found a glowing golden altar of the Shining One.
    86 | D        | Found a white marble altar of Elyvilon.
    87 | D        | Found a corrupted altar of Lugonu.
    87 | D        | Found a radiant altar of Vehumet.
    92 | D        | Reached XP level 5. HP: 59/59 MP: 4/4
   102 | D        | Reached *** piety under Trog
   103 | D        | Reached skill level 7 in Unarmed Combat
   136 | D        | Reached **** piety under Trog
   137 | D        | Reached skill level 8 in Unarmed Combat
   137 | D        | Reached XP level 6. HP: 34/68 MP: 5/5
   169 | D        | Found Orats's Jewellery Shop.
   169 | D        | Found Icaeth's Magic Scroll Emporium.
   178 | D        | Noticed a burning bush
   178 | D        | Noticed a wandering mushroom
   178 | D        | Noticed a wandering mushroom
   212 | D        | Killed a wandering mushroom
   217 | D        | Reached skill level 9 in Unarmed Combat
   233 | D        | Killed a wandering mushroom
   234 | D        | Reached XP level 7. HP: 41/80 MP: 6/6
   282 | D        | Killed a burning bush
   283 | D        | Reached skill level 10 in Unarmed Combat
   285 | D        | Found Jopu's Distillery.
   285 | D        | Found Jirphoenk's Weapon Shoppe.
   331 | D        | Noticed a queen bee
   346 | D        | Reached ***** piety under Trog
   357 | D        | Killed a queen bee
   358 | D        | Reached XP level 8. HP: 27/92 MP: 7/7
   454 | D        | Noticed an oklob plant
   465 | D        | Killed an oklob plant
   466 | D        | Reached skill level 11 in Unarmed Combat
   539 | D        | Noticed a burning bush
   548 | D        | Killed a burning bush
   549 | D        | Reached skill level 10 in Fighting
   549 | D        | Reached skill level 10 in Dodging
   566 | D        | Noticed a burning bush
   566 | D        | Noticed an oklob plant
   567 | D        | Noticed a wandering mushroom
   635 | D        | Received a gift from Trog
   636 | D        | Reached skill level 12 in Unarmed Combat
   692 | D        | Killed a burning bush
   693 | D        | Reached XP level 9. HP: 100/102 MP: 8/8
   698 | D        | Killed an oklob plant
   727 | D        | Noticed a spriggan druid
   732 | D        | Slain by a ghost moth

Illustrated notes

Levels and vault maps discovered:
D:        dungeon_sprint_fedhas [sprint_temple]

Skill      XL: |  1  2  3  4  5  6  7  8  9 |
---------------+----------------------------+-----
Fighting       | 3 4 5 6 8 9 10 11 | 11.0
Dodging        | 3 4 5 6 7 9 10 | 10.8
Unarmed Combat | 4 5 6 8 9 10 12 | 12.8

Action                     |  1- 3 |  4- 6 |  7- 9 || total
---------------------------+-------+-------+-------++-------
  Melee: Unarmed           |     9 |    36 |    48 ||    93
         Punch             |       |     1 |     3 ||     4
 Invoke: Berserk           |       |     1 |     1 ||     2
         Brothers in Arms  |       |       |     3 ||     3
   Stab: Sleeping          |     1 |       |       ||     1
 Armour: Animal skin       |     3 |    16 |    48 ||    67
  Dodge: Dodged            |     1 |     9 |    20 ||    30

Table legend: (Time is in decaauts)
 A = Elapsed time spent in this place.
 B = Non-inter-level travel time spent in this place.
 C = Inter-level travel time spent in this place.
 D = Time resting spent in this place.
 E = Time spent auto-exploring this place.
 F = Levels seen in this place.
 G = Mean time per level.
                   A        B        C        D        E       F      G
               +--------+--------+--------+--------+--------+-----+--------+
         Total |    727 |    696 |     31 |    309 |     83 |   1 |  727.0 |
       Dungeon |    727 |    696 |     31 |    309 |     83 |   1 |  727.0 |
               +--------+--------+--------+--------+--------+-----+--------+

Top non-repeatable levels by time:
       D: 727 daAuts
